 Dungeon Crawl Stone Soup version 0.26.1-2-gb8aa6d0cf2 (webtiles) character file.

Game seed: 1091285472997248472

63 skwiii the Stinger (level 3, -3/16 HPs)
             Began as a Spriggan Venom Mage on Feb 21, 2021.
             Killed from afar by Sigmund (9 damage)
             ... with a magic dart
             ... on level 3 of the Dungeon.
             The game lasted 00:05:54 (4178 turns).

skwiii the Stinger (Spriggan Venom Mage)            Turns: 4178, Time: 00:05:54

Health: -3/16      AC:  3    Str:  4    XL:     3   Next: 87%
Magic:  9/9        EV: 18    Int: 17    God:
Gold:   136        SH:  0    Dex: 16    Spells: 6/9 levels left

rFire    . . .     SeeInvis +   i - +0 spear
rCold    . . .     Faith    .   (shield restricted)
rNeg     . . .     Spirit   .   a - +1 robe
rPois    .         Reflect  .   (helmet restricted)
rElec    .         Harm     .   (no cloak)
rCorr    .         Rampage  .   (gloves unavailable)
Will     .....                  (boots unavailable)
Stlth    ++........             (no amulet)
HPRegen  0.05/turn              (no ring)
MPRegen  0.11/turn              (no ring)

@: very quick
A: very small, unfitting armour, see invisible, speed 3
a: no special abilities


You were on level 3 of the Dungeon.
You visited 1 branch of the dungeon, and saw 3 of its levels.

You collected 136 gold pieces.

Inventory:

Hand Weapons
 e - a +0 spear
 i - a +0 spear (weapon)
Armour
 a - a +1 robe (worn)
 h - a +0 robe
 j - a +2 kite shield
Jewellery
 m - an uncursed ring of protection from cold {unknown}
Scrolls
 b - 2 scrolls of enchant armour
 d - 3 scrolls of identify
 g - a scroll of fog
 n - a scroll of remove curse {unknown}
Potions
 c - 2 potions of curing
 f - a potion of invisibility
 k - 2 potions of lignification {unknown}
 l - a potion of flight {unknown}


   Skills:
 - Level 3.0 Dodging
 - Level 3.0 Stealth
 + Level 3.5 Spellcasting
 + Level 2.8 Transmutations
 + Level 1.1 Air Magic
 + Level 3.6 Poison Magic


You had 6 spell levels left.
You knew the following spells:

 Your Spells              Type           Power        Failure   Level
a - Sting                 Tmut/Pois      52%          4%          1
b - Poisonous Vapours     Pois/Air       22%          10%         2

Your spell library contained the following spells:

 Spells                   Type           Power        Failure   Level
 Ignite Poison            Fire/Tmut/Pois 10%          21%         3
 Mephitic Cloud           Conj/Pois/Air  8%           26%         3
 Olgreb's Toxic Radiance  Pois           15%          36%         4


Dungeon Overview and Level Annotations

Branches:
Dungeon (3/15)

Altars:

Annotations:
D:3 Grinder, Sigmund


Innate Abilities, Weirdness & Mutations

You are very small and have problems with some larger weapons.
You are too small for most types of armour.
You have supernaturally acute eyesight. (SInv)
You cover ground extremely quickly.


Message History

Magic restored.
You start waiting.
Done waiting.
There is an open door here.
There is a stone staircase leading down here.
You climb downwards.
Level annotation: Grinder A goblin, 3 orcs, an orc priest and Sigmund come into view.
Sigmund is wielding a +0 scythe and wearing a +2 robe of fire resistance.
Found 7 poisoned darts and 13 stones.
There is a stone staircase leading up here.
Sigmund shouts!
The orc shouts! x2; The goblin shouts!
The orc shouts!
The orc hits you from afar with a +0 trident!
Ouch! That really hurt!
The orc throws a boomerang.
The boomerang hits you.
The weapon returns to the orc!
Sigmund gestures at you while chanting. The magic dart hits you!
Ouch! That really hurt!
You die...

#### .....####
#.....# #....@#
#.........oo...
.....@oo.######
.(.....g.#
......##.#
....## .# ###
...# .# ..# .(.
.# #.##


You could see Sigmund, an orc priest, 3 orcs and a goblin.

Vanquished Creatures
  A gnoll (D:1)
  An adder (D:2)
  A worm (D:2)
  A dart slug (D:2)
  A leopard gecko (D:1)
  2 orcs (D:3)
  2 giant cockroaches
  3 goblins
  3 hobgoblins (D:1)
  7 kobolds
  3 quokkas (D:2)
  6 bats
  3 frilled lizards
  4 rats
38 creatures vanquished.

Notes
Turn   | Place    | Note
-------+----------+-------------------------------------------
     0 | D:1      | skwiii the Spriggan Venom Mage began the quest for the Orb.
     0 | D:1      | Reached XP level 1. HP: 9/9 MP: 5/5
   266 | D:1      | Reached XP level 2. HP: 13/13 MP: 2/7
   311 | D:1      | Learned a level 2 spell: Poisonous Vapours
  1553 | D:2      | Reached XP level 3. HP: 16/16 MP: 3/8
  2106 | D:2      | Found a faded altar of an unknown god.
  2589 | D:2      | Reached skill level 1 in Air Magic
  3797 | D:3      | Noticed Grinder
  4177 | D:3      | Noticed Sigmund
  4178 | D:3      | Killed from afar by Sigmund

Illustrated notes

Levels and vault maps discovered:
D:1:      psy_arrival_fountain, layout_basic, chequers_serial_rivers_large_a,
          minmay_pentomino_s2
D:2:      layout_basic, chequers_ecumenical_altar_simple
D:3:      layout_loops_cross, wad_woods_river_04, uniq_grinder,
          uniq_crazy_yiuf_cottage, uniq_natasha, uniq_robin, uniq_sigmund

Skill      XL: |  1  2  3 |
---------------+----------+-----
Spellcasting   | 3 |  3.5
Transmutations | 2 |  2.8
Air Magic      | 1 |  1.1
Dodging        | |  3.0
Stealth        | |  3.0
Poison Magic   | |  3.6

Action                   || total
-------------------------++-------
Melee: Unarmed           ||     1
       Spear             ||     1
 Cast: Sting             ||    15
       Poisonous Vapours ||    51
  Use: Scroll            ||     3
       Potion            ||     1
Armor: Robe              ||     4
Dodge: Dodged            ||    23
